 Dungeon Crawl Stone Soup version 0.17-a0-1951-g62301d3 (webtiles) character file.

522 truemonolith the Thaumaturge (level 7, -1/36 HPs)
             Began as a Deep Elf Conjurer on Oct 2, 2015.
             Slain by an iguana (4 damage)
             ... on level 5 of the Dungeon.
             The game lasted 00:13:38 (6336 turns).

truemonolith the Thaumaturge (Deep Elf Conjurer)    Turns: 6336, Time: 00:13:38

Health: -1/36      AC:  4    Str:  7 (9)  XL:     7   Next: 1%
Magic:  13/22      EV: 13    Int: 22      God:
Gold:   195        SH:  0    Dex: 15      Spells: 4 memorised, 13 levels left

rFire  . . .     SeeInvis .     i - +1 dagger (flame)
rCold  . . .     Clarity  .     a - +0 robe
rNeg   . . .     SustAt   .     (no shield)
rPois  .         Gourm    .     (no helmet)
rElec  .         Spirit   .     (no cloak)
rCorr  .         Warding  .     t - +0 pair of gloves
rMut   .         Stasis   .     e - +0 pair of boots
MR     .....                    (no amulet)
Stlth  ++........               (no ring)
                                r - +4 ring of strength

@: not resistant to hostile enchantments, unstealthy
A: no striking features
a: no special abilities


You were on level 5 of the Dungeon.
You were not hungry.

You visited 2 branches of the dungeon, and saw 6 of its levels.

You collected 195 gold pieces.

Inventory:

Hand weapons
 i - a +1 dagger of flaming (weapon)
Armour
 a - a +0 robe (worn)
 e - a +0 pair of boots (worn)
 t - a +0 pair of gloves (worn)
 v - a +0 buckler
Jewellery
 r - a +4 ring of strength (left hand)
Scrolls
 g - 2 scrolls of fog
 m - a scroll of identify
 n - a scroll of teleportation
 q - a scroll of amnesia
 u - a scroll of remove curse
Potions
 c - a potion of invisibility {unknown}
 h - a potion of curing
 l - 2 potions of brilliance {unknown}
 o - 2 potions of cancellation {unknown}
 p - 2 potions of flight {unknown}
Books
 b - a book of Conjurations

   Spells                             Type                      Level
   a - Magic Dart                     Conjuration                  1
   b - Searing Ray                    Conjuration                  2
   c - Dazzling Spray                 Conjuration/Hexes            3
   d - Fulminant Prism                Conjuration/Hexes            4
   e - Iskenderun's Mystic Blast      Conjuration                  4
   f - Iskenderun's Battlesphere      Conjuration/Charms           5
Comestibles
 d - a meat ration
 f - a beef jerky
 x - a bread ration


   Skills:
 - Level 2.4 Dodging
 - Level 2.4 Stealth
 - Level 10.1 Spellcasting
 + Level 4.3 Conjurations


You had 13 spell levels left.
You knew the following spells:

 Your Spells              Type           Power        Failure   Level  Hunger
a - Magic Dart            Conj           ####         1%          1    None
b - Dazzling Spray        Conj/Hex       ###.....     10%         3    None
c - Iskenderun's Battles  Conj/Chrm      ###.....     75%         5    ####...
d - Iskenderun's Mystic   Conj           ####....     12%         4    ##.....


Dungeon Overview and Level Annotations

Branches:
Dungeon (5/15)             Temple (1/1) D:4

Altars:
Dithmenos
Elyvilon
Gozag
Kikubaaqudgha
Makhleb
Nemelex Xobeh
Okawaru
Qazlal
Xom
Zin
The Shining One


Message History

The iguana is severely wounded.
The iguana bites you!
* * * LOW HITPOINT WARNING * * *
Casting: Magic Dart
Confirm with . or Enter, or press ? or * to list all spells.
Aiming: Magic Dart
Press: ? - help, Shift-Dir - straight line, f/p - iguana
Aim: an iguana (severely wounded)
The magic dart hits the iguana.
The iguana is almost dead.
The iguana completely misses you.
Casting: Magic Dart
Confirm with . or Enter, or press ? or * to list all spells.
Aiming: Magic Dart
Press: ? - help, Shift-Dir - straight line, f/p - iguana
Aim: an iguana (almost dead)
The magic dart hits the iguana.
The iguana is almost dead.
The iguana bites you.
You die...

.....[# ......# ......#
+.. ......# #...
######......# #...
#....#......#
##+#...#####....#......#
#...............@l.....#
#...............#......#
+...........##'##...?..#
#...........'..# ..##..#
............#..# ..# .#
............#+## ..+ #
............+ ..#
............# ..#
#...........#


You could see an iguana.

Vanquished Creatures
  2 ogres (D:4)
  2 iguanas (D:4)
  2 worker ants (D:4)
  4 orc wizards
  3 adders
  A shadow imp (D:3)
  3 oozes (D:3)
  4 worms
  5 giant geckos
  6 orcs
  9 goblins
  4 hobgoblins
  7 jackals
  6 kobolds
  3 quokkas
  3 ball pythons
  7 bats
  3 giant cockroaches
  A giant gecko skeleton (D:5)
  6 giant newts
  2 rats (D:1)
83 creatures vanquished.

Notes
Turn   | Place    | Note
--------------------------------------------------------------
     0 | D:1      | truemonolith the Deep Elf Conjurer began the quest for the Orb.
     0 | D:1      | Reached XP level 1. HP: 10/10 MP: 6/6
   296 | D:1      | Reached XP level 2. HP: 15/15 MP: 6/8
  1357 | D:2      | Found an iron altar of Okawaru.
  1408 | D:2      | Reached XP level 3. HP: 19/19 MP: 8/11
  1472 | D:2      | Reached skill level 5 in Spellcasting
  2755 | D:3      | Reached XP level 4. HP: 21/24 MP: 6/13
  2760 | D:3      | Learned a level 3 spell: Dazzling Spray
  2808 | D:3      | Reached skill level 6 in Spellcasting
  3574 | D:3      | Reached skill level 7 in Spellcasting
  3574 | D:3      | Reached XP level 5. HP: 28/28 MP: 11/16
  4369 | D:4      | Reached skill level 8 in Spellcasting
  4845 | D:4      | Reached XP level 6. HP: 32/32 MP: 6/19
  4875 | D:4      | Found a sparkling altar of Nemelex Xobeh.
  4881 | D:4      | Found a staircase to the Ecumenical Temple.
  4975 | Temple   | Entered the Ecumenical Temple
  5194 | D:4      | Noticed an ogre
  5465 | D:4      | Reached skill level 9 in Spellcasting
  5941 | D:4      | Noticed an ogre
  5945 | D:4      | Killed an ogre
  6028 | D:4      | Killed an ogre
  6028 | D:4      | Reached skill level 10 in Spellcasting
  6028 | D:4      | Reached XP level 7. HP: 36/36 MP: 6/22
  6035 | D:4      | Learned a level 5 spell: Iskenderun's Battlesphere
  6040 | D:4      | Learned a level 4 spell: Iskenderun's Mystic Blast
  6301 | D:5      | Entered Level 5 of the Dungeon
  6336 | D:5      | Slain by an iguana

Vault maps used:
D:1:      dpeg_arrival_rooms_c, minmay_misc_feat_rugged
D:2:      okawaru_metal_pillars_1_2
D:3:      first_bread
D:4:      nemelex_deck, minmay_temple_entry_mist
D:5:      portal_sewer_entry_e, basic_altar, nicolae_zen_rock_garden
Temple:   chambers_temple_10

Action                   |  1- 3 |  4- 6 |  7- 9 || total
-------------------------+-------+-------+-------++-------
Melee: Whip              |       |     3 |       ||     3
       Dagger            |       |       |     1 ||     1
 Cast: Magic Dart        |    81 |   112 |    13 ||   206
       Dazzling Spray    |       |    18 |     1 ||    19
  Use: Scroll            |       |     8 |       ||     8
       Potion            |       |     3 |       ||     3
  Eat: Chunk             |     1 |     2 |       ||     3
       Bread ration      |     1 |       |       ||     1
       Meat ration       |       |     1 |       ||     1
       Royal jelly       |       |     1 |       ||     1
       Pizza             |       |     1 |       ||     1
